 Dungeon Sprint DCSS version 0.31.0-12-g77e489cdc1 (webtiles) character file.

Game seed: 8613781557747974191

8900000 Minsecho the Plane Walker (level 27, -28/161 (174) HPs)
             Began as a Spriggan Warper on Feb 17, 2024.
             Was the Champion of Makhleb.
             Killed from afar by a wretched soul (55 damage)
             ... with a bolt of negative energy
             ... in the Dungeon (Sprint VIII: "Arena of Blood").
             The game lasted 00:04:12 (89 turns).

Minsecho the Plane Walker (Spriggan Warper)           Turns: 89, Time: 00:04:13

HP:   -28/161 (174) AC:  4    Str: 11    XL:     27
MP:   23/55         EV: 45    Int: 17    God:    Makhleb [******]
Gold: 0             SH:  0    Dex: 22    Spells: 80/80 levels left

rFire   . . .        j - +โˆž Axe of Woe
rCold   . . .        (shield currently unavailable)
rNeg    . . .        b - +0 robe
rPois   .            (helmet restricted)
rElec   .            (no cloak)
rCorr   .            (gloves unavailable)
SInv    +            (boots unavailable)
Will    ++++.        (no amulet)
Stlth   ++++++++++   (no ring)
HPRegen 0.46/turn    (no ring)
MPRegen 0.34/turn

%: no teleportation
@: marked, drained, very quick
A: very small, no large weapons, unfitting armour, see invisible, speed 3
a: Renounce Religion, Minor Destruction, Lesser Servant of Makhleb, Major
Destruction, Greater Servant of Makhleb


You were in the Dungeon.
You worshipped Makhleb.
Makhleb was exalted by your worship.
You visited 1 branch

Inventory:

Hand Weapons
 a - a +0 hand axe
 j - the +โˆž Axe of Woe (weapon)
   (You found it in the Dungeon)
Missiles
 d - 7 darts of dispersal (quivered)
Armour
 b - a +0 robe (worn)
Scrolls
 c - 2 scrolls of blinking
Potions
 e - a potion of curing
 g - a potion of haste
 h - 2 potions of magic
 i - a potion of berserk rage


   Skills:
 O Level 27 Fighting
 O Level 27 Short Blades
 + Level 24.6(27) Long Blades
 O Level 27 Axes
 + Level 22.7(27) Maces & Flails
 + Level 22.7(27) Polearms
 + Level 22.7(27) Staves
 O Level 27 Ranged Weapons
 O Level 27 Throwing
 + Level 23.4 Armour
 O Level 27 Dodging
 O Level 27 Stealth
 + Level 23.3 Shields
 + Level 25.2 Unarmed Combat
 O Level 27 Spellcasting
 + Level 23.6 Conjurations
 O Level 27 Hexes
 + Level 25.6 Summonings
 O Level 27 Necromancy
 O Level 27 Translocations
 + Level 25.3 Fire Magic
 + Level 25.4 Ice Magic
 O Level 27 Air Magic
 O Level 27 Earth Magic
 O Level 27 Alchemy
 O Level 27 Invocations
 O Level 27 Evocations
 O Level 27 Shapeshifting


You had 80 spell levels left.
You didn't know any spells.
Your spell library contained the following spells:

 Spells                   Type           Power      Damage    Failure   Level
 Blink                    Tloc           100%       N/A       0%          2
 Lesser Beckoning         Tloc           100%       N/A       0%          2
 Teleport Other           Tloc           86%        N/A       0%          3
 Manifold Assault         Tloc           86%        N/A       0%          4
 Vhi's Electric Charge    Tloc/Air       100%       N/A       0%          4


Dungeon Overview and Level Annotations

Branches:
Dungeon (1/1)

Altars:
Makhleb

Annotations:
D The Captor


Innate Abilities, Weirdness & Mutations

You are very small and have problems with some larger weapons.
You are too small for most types of armour.
You have supernaturally acute eyesight. (SInv)
You cover ground extremely quickly. (Speed+++)


Message History

A bag of meat comes into view. It is wielding a +9 war axe.
Unknown command.
A demon appears!
The meat beast roars, "Turn tail, thou pandering hell-hated hugger-mugger!"
The eight-headed meat hydra calls on the powers of darkness!
The eight-headed meat hydra convulses!
The bag of meat convulses! x2
Your body is wracked with pain!
A wretched soul comes into view.
The eight-headed meat hydra calls on the powers of darkness!
The eight-headed meat hydra convulses!
The Captor convulses!
Your body is wracked with pain!
* * * LOW HITPOINT WARNING * * *
A meat berserker comes into view. It is wielding a +9 battleaxe.
The Captor points at you and mumbles some strange words.
You barely resist.
The dread calls on the powers of darkness!
Your body is wracked with pain!
* * * LOW HITPOINT WARNING * * *
The Captor convulses!
The eight-headed meat hydra convulses!
A meat berserker comes into view. It is wielding a +9 battleaxe.
You hit the sculptor of flesh but do no damage.
You fatally mangle the sculptor of flesh.
You destroy the sculptor of flesh!
Makhleb accepts your kill.
The eight-headed meat hydra calls on the powers of darkness!
The eight-headed meat hydra convulses!
The bag of meat convulses!
Your body is wracked with pain!
* * * LOW HITPOINT WARNING * * *
A wretched soul comes into view.
The dread calls on the powers of darkness!
The Captor convulses!
Your body is wracked with pain!
* * * LOW HITPOINT WARNING * * *
The bag of meat convulses!
The eight-headed meat hydra convulses!
Unknown command.
You feel much better. The Captor casts a spell at you.
A sentinel's mark forms upon you.
The wretched soul breathes negative energy at you.
The bolt of negative energy hits you!!!
You feel drained.
You die...

#############
.WO...2@).@W####
....O.)..).o.D.####
.##.##W#####XW....####
.. ..2O....ยง).......#
...##o##....o)z.......
....WD....L..))..W....
.....#.#...X)))#......
..........X.))####.....
.....D..DW.)))).o......


You could see a meat beast (fast), 2 eight-headed meat hydras, a large
abomination (summoned), a dread, 2 meat berserkers, 4 wretched souls, The Captor
(fast, ally target), 2 bags of meat and a friendly green death (summoned).

Vanquished Creatures
  3 hell beasts (D)
  A royal mummy (D)
  A wraith (D)
  9 vampire knights (D)
  31 ogres (D)
  3 two-headed ogres (D)
  3 liches (D)
  A phantom (D)
  73 orcs (D)
  5 skeletal warriors (D)
130 creatures vanquished.

Notes
Turn   | Place    | Note
-------+----------+-------------------------------------------
     0 | D        | Found the +โˆž Axe of Woe
     0 | D        | Minsecho the Spriggan Warper began the quest for the Orb.
     0 | D        | Reached XP level 1. HP: 10/10 MP: 5/5
     2 | D        | Noticed a bag of meat
     3 | D        | Noticed a meat berserker
     4 | D        | Became a worshipper of Makhleb the Destroyer
     4 | D        | Noticed a meat berserker
     4 | D        | Noticed a bag of meat
     5 | D        | Noticed a meat berserker
     5 | D        | Noticed a bag of meat
     6 | D        | Killed a meat berserker
     6 | D        | Killed a meat berserker
     6 | D        | Reached * piety under Makhleb
     6 | D        | Noticed a bag of meat
     6 | D        | Noticed a bag of meat
     7 | D        | Reached skill level 5 in Throwing
     7 | D        | Reached XP level 2. HP: 26/26 MP: 5/23
     7 | D        | Reached XP level 3. HP: 30/30 MP: 5/24
     7 | D        | Reached XP level 4. HP: 35/35 MP: 5/26
     7 | D        | Reached XP level 5. HP: 39/39 MP: 5/27
     7 | D        | Reached XP level 6. HP: 44/44 MP: 5/29
     7 | D        | Reached XP level 7. HP: 49/49 MP: 5/30
     7 | D        | Reached XP level 8. HP: 53/53 MP: 5/32
     7 | D        | Reached XP level 9. HP: 57/57 MP: 5/33
     7 | D        | Reached XP level 10. HP: 62/62 MP: 5/34
     7 | D        | Reached XP level 11. HP: 66/66 MP: 5/35
     7 | D        | Reached XP level 12. HP: 71/71 MP: 5/36
     7 | D        | Reached XP level 13. HP: 75/75 MP: 5/37
     7 | D        | Noticed a bag of meat
     7 | D        | Noticed a meat berserker
     7 | D        | Noticed a meat berserker
     8 | D        | Killed a meat berserker
     8 | D        | Killed a meat berserker
     9 | D        | Reached skill level 27 in Translocations
     9 | D        | Reached XP level 14. HP: 84/84 MP: 5/41
     9 | D        | Noticed a bag of meat
     9 | D        | Noticed a bag of meat
    10 | D        | Killed a bag of meat
    10 | D        | Reached ** piety under Makhleb
    10 | D        | Noticed a meat berserker
    10 | D        | Noticed a bag of meat
    11 | D        | Noticed a bag of meat
    12 | D        | Noticed a bag of meat
    13 | D        | Noticed a meat berserker
    13 | D        | Noticed a bag of meat
    13 | D        | Noticed a bag of meat
    13 | D        | Noticed a bag of meat
    14 | D        | Killed a bag of meat
    14 | D        | Noticed a meat berserker
    14 | D        | Noticed a bag of meat
    15 | D        | Reached skill level 15 in Fighting
    15 | D        | Noticed a bag of meat
    15 | D        | Noticed a bag of meat
    15 | D        | Noticed a bag of meat
    15 | D        | Noticed a bag of meat
    15 | D        | Noticed a meat berserker
    15 | D        | Noticed a bag of meat
    16 | D        | Killed a meat berserker
    16 | D        | Noticed a bag of meat
    16 | D        | Noticed a bag of meat
    17 | D        | Reached XP level 15. HP: 91/91 MP: 6/45
    17 | D        | Killed a meat berserker
    17 | D        | Reached *** piety under Makhleb
    17 | D        | Noticed a large bag of meat
    18 | D        | Reached skill level 27 in Spellcasting
    19 | D        | Reached XP level 16. HP: 100/100 MP: 7/48
    19 | D        | Killed a meat berserker
    19 | D        | Reached **** piety under Makhleb
    19 | D        | Noticed a meat berserker
    20 | D        | Noticed a destroyer
    20 | D        | Noticed a large bag of meat
    21 | D        | Killed a meat berserker
    21 | D        | Reached ***** piety under Makhleb
    21 | D        | Killed a meat berserker
    22 | D        | Reached skill level 27 in Fighting
    22 | D        | Reached skill level 27 in Axes
    22 | D        | Reached skill level 27 in Dodging
    22 | D        | Reached XP level 17. HP: 121/121 MP: 7/49
    22 | D        | Killed a destroyer
    22 | D        | Noticed a meat berserker
    24 | D        | Reached XP level 18. HP: 127/127 MP: 8/50
    24 | D        | Noticed a destroyer
    24 | D        | Reached ****** piety under Makhleb
    25 | D        | Reached skill level 27 in Throwing
    25 | D        | Noticed a meat berserker
    26 | D        | Noticed a meat berserker
    26 | D        | Killed a large bag of meat
    27 | D        | Reached skill level 5 in Long Blades
    27 | D        | Reached skill level 5 in Unarmed Combat
    27 | D        | Reached skill level 5 in Summonings
    27 | D        | Reached skill level 5 in Fire Magic
    27 | D        | Reached skill level 5 in Ice Magic
    27 | D        | Reached XP level 19. HP: 78/132 MP: 9/51
    27 | D        | Noticed a meat berserker
    27 | D        | Noticed a meat berserker
    27 | D        | Noticed a meat berserker
    27 | D        | Noticed a large bag of meat
    28 | D        | Killed a large bag of meat
    29 | D        | Reached skill level 5 in Maces & Flails
    29 | D        | Reached skill level 5 in Polearms
    29 | D        | Reached skill level 5 in Staves
    29 | D        | Reached skill level 5 in Armour
    29 | D        | Reached skill level 10 in Stealth
    29 | D        | Reached skill level 5 in Shields
    29 | D        | Reached skill level 5 in Conjurations
    29 | D        | Reached skill level 10 in Evocations
    29 | D        | Noticed a meat berserker
    29 | D        | Noticed a meat berserker
    30 | D        | Reached skill level 10 in Hexes
    30 | D        | Reached skill level 10 in Shapeshifting
    30 | D        | Noticed a destroyer
    30 | D        | Noticed a meat berserker
    30 | D        | Noticed a meat berserker
    31 | D        | Noticed a destroyer
    31 | D        | Noticed a destroyer
    32 | D        | Killed a meat berserker
    33 | D        | Reached skill level 27 in Stealth
    33 | D        | Reached XP level 20. HP: 137/137 MP: 10/52
    33 | D        | Killed a meat berserker
    33 | D        | Killed a destroyer
    33 | D        | Killed a meat berserker
    33 | D        | Noticed a destroyer
    34 | D        | Reached skill level 10 in Ranged Weapons
    34 | D        | Reached skill level 10 in Necromancy
    34 | D        | Reached skill level 10 in Air Magic
    34 | D        | Reached skill level 10 in Earth Magic
    34 | D        | Killed a meat berserker
    34 | D        | Killed a meat berserker
    34 | D        | Killed a meat berserker
    35 | D        | Reached skill level 10 in Unarmed Combat
    35 | D        | Reached skill level 15 in Hexes
    35 | D        | Reached skill level 10 in Summonings
    35 | D        | Reached skill level 10 in Fire Magic
    35 | D        | Reached skill level 10 in Ice Magic
    35 | D        | Reached skill level 15 in Shapeshifting
    35 | D        | Reached XP level 21. HP: 142/142 MP: 10/53
    36 | D        | Reached skill level 10 in Long Blades
    36 | D        | Reached skill level 10 in Armour
    36 | D        | Reached skill level 10 in Shields
    36 | D        | Reached skill level 10 in Conjurations
    36 | D        | Noticed a destroyer
    36 | D        | Noticed a destroyer
    37 | D        | Reached skill level 10 in Maces & Flails
    37 | D        | Reached skill level 10 in Polearms
    37 | D        | Reached skill level 10 in Staves
    37 | D        | Reached skill level 15 in Invocations
    37 | D        | Reached XP level 22. HP: 148/148 MP: 11/54
    37 | D        | Killed a destroyer
    37 | D        | Noticed a destroyer
    38 | D        | Reached skill level 15 in Necromancy
    38 | D        | Reached skill level 15 in Air Magic
    38 | D        | Reached skill level 15 in Earth Magic
    38 | D        | Killed a large bag of meat
    38 | D        | Killed a destroyer
    39 | D        | Reached skill level 15 in Ranged Weapons
    39 | D        | Reached XP level 23. HP: 108/153 MP: 11/55
    39 | D        | Killed a destroyer
    40 | D        | Reached skill level 15 in Unarmed Combat
    40 | D        | Reached skill level 15 in Summonings
    40 | D        | Reached skill level 15 in Fire Magic
    40 | D        | Reached skill level 15 in Ice Magic
    41 | D        | Reached XP level 24. HP: 144/158 MP: 12/55
    43 | D        | Reached skill level 15 in Long Blades
    43 | D        | Reached skill level 15 in Armour
    43 | D        | Reached skill level 15 in Shields
    43 | D        | Reached skill level 15 in Conjurations
    45 | D        | Killed a destroyer
    45 | D        | Killed a destroyer
    46 | D        | Reached skill level 15 in Maces & Flails
    46 | D        | Reached skill level 15 in Polearms
    46 | D        | Reached skill level 15 in Staves
    46 | D        | Reached XP level 25. HP: 163/163 MP: 13/55
    46 | D        | Noticed a tyrant
    47 | D        | Killed a destroyer
    48 | D        | Reached skill level 27 in Evocations
    52 | D        | Noticed a tyrant
    55 | D        | Reached XP level 26. HP: 120/169 MP: 15/55
    57 | D        | Noticed a tyrant
    57 | D        | Killed a tyrant
    58 | D        | Reached skill level 27 in Hexes
    58 | D        | Reached skill level 27 in Shapeshifting
    58 | D        | Noticed a tyrant
    58 | D        | Killed a tyrant
    62 | D        | Noticed a meat beast
    63 | D        | Noticed an accursed
    64 | D        | Noticed a dread
    65 | D        | Reached XP level 27. HP: 133/174 MP: 17/55
    66 | D        | Killed a dread
    67 | D        | Reached skill level 27 in Short Blades
    67 | D        | Reached skill level 27 in Alchemy
    67 | D        | Killed a meat beast
    67 | D        | Noticed a dread
    68 | D        | Noticed a dread
    68 | D        | Killed an accursed
    70 | D        | Killed a tyrant
    70 | D        | Killed a destroyer
    71 | D        | Reached skill level 27 in Invocations
    71 | D        | Noticed a meat beast
    73 | D        | Noticed a destroyer
    77 | D        | Noticed a meat beast
    79 | D        | Killed a meat beast
    81 | D        | Noticed an accursed
    82 | D        | Killed a meat beast
    83 | D        | Reached skill level 27 in Ranged Weapons
    83 | D        | Noticed The Captor
    85 | D        | Reached skill level 27 in Necromancy
    85 | D        | Reached skill level 27 in Air Magic
    85 | D        | Reached skill level 27 in Earth Magic
    86 | D        | Noticed a meat beast
    88 | D        | HP: 6/174 [??? (4)]
    89 | D        | Killed from afar by a wretched soul

Illustrated notes

Levels and vault maps discovered:
D:        meatsprint

Skill      XL: |  1  2  3  4  5  6  7  8  9 10 11 12 13 14 15 16 17 18 19 20 21 22 23 24 25 26 27 |
---------------+----------------------------------------------------------------------------------+-----
Fighting       | 12 14 16 18 27 | 27.0
Axes           | 14 17 20 22 27 | 27.0
Throwing       | 5 6 7 11 25 27 | 27.0
Dodging        | 16 19 22 24 27 | 27.0
Spellcasting   | 19 22 25 27 | 27.0
Translocations | 25 27 | 27.0
Short Blades   | 7 9 13 16 18 20 22 24 26 27 | 27.0
Long Blades    | 5 6 9 11 13 14 16 17 19 24 | 24.6
Maces & Flails | 4 5 8 10 12 13 15 16 18 22 | 22.7
Polearms       | 4 5 8 10 12 13 15 16 18 22 | 22.7
Staves         | 4 5 8 10 12 13 15 16 18 22 | 22.7
Ranged Weapons | 6 7 11 13 15 17 19 20 22 27 | 27.0
Armour         | 4 5 9 11 13 14 16 17 19 23 | 23.4
Stealth        | 9 27 | 27.0
Shields        | 4 5 9 11 13 14 16 17 19 23 | 23.3
Unarmed Combat | 5 6 10 12 14 16 17 19 20 25 | 25.2
Conjurations   | 4 5 9 11 13 14 16 17 19 23 | 23.6
Hexes          | 8 10 15 17 20 22 24 26 27 | 27.0
Summonings     | 5 7 10 12 14 16 18 19 21 25 | 25.6
Necromancy     | 6 8 11 13 15 17 19 21 23 27 | 27.0
Fire Magic     | 5 7 10 12 14 16 18 19 21 25 | 25.3
Ice Magic      | 5 7 10 12 14 16 18 19 21 25 | 25.4
Air Magic      | 6 8 11 13 15 17 19 21 23 27 | 27.0
Earth Magic    | 6 8 11 13 15 17 19 21 23 27 | 27.0
Alchemy        | 7 9 13 16 18 20 22 24 26 27 | 27.0
Invocations    | 6 8 12 15 17 19 21 22 24 27 | 27.0
Evocations     | 9 11 16 19 21 24 26 27 | 27.0
Shapeshifting  | 8 10 15 17 20 22 24 26 27 | 27.0

Action                     |  1- 3 |  4- 6 |  7- 9 | 10-12 | 13-15 | 16-18 | 19-21 | 22-24 | 25-27 || total
---------------------------+-------+-------+-------+-------+-------+-------+-------+-------+-------++-------
  Melee: Broad axe         |     1 |       |       |       |     6 |     7 |     8 |     6 |    27 ||    55
 Invoke: Greater Servant o |       |       |       |       |       |       |       |       |     1 ||     1
    Use: Potion            |       |       |       |       |       |       |       |       |     1 ||     1
 Armour: Robe              |       |       |       |       |       |     2 |     2 |     8 |    13 ||    25
  Dodge: Dodged            |       |       |       |       |       |       |       |     3 |     1 ||     4
